 Dungeon Crawl Stone Soup version 0.32-a0-42-ga30500b4d3 (webtiles) character file.

Game seed: 16876344876732151224

111 CraigForest the Covered (level 4, -1/28 HPs)
             Began as a Gargoyle Fighter on Feb 1, 2024.
             Slain by an iguana (7 damage)
             ... on level 4 of the Dungeon.
             The game lasted 00:06:01 (2169 turns).

CraigForest the Covered (Gargoyle Fighter)          Turns: 2169, Time: 00:06:01

Health: -1/28      AC: 14    Str: 21    XL:     4   Next: 92%
Magic:  4/4        EV:  9    Int: 15    God:
Gold:   140        SH:  4    Dex:  9    Spells: 2/3 levels left

rFire   . .          .
                       - Unarmed
rCold   . . .        b - +0 buckler
rNeg    + . .        a - +0 scale mail
rPois   ∞            (no helmet)
rElec   +            (no cloak)
rCorr   .            w - +0 pair of gloves
SInv    .            n - +1 pair of boots
Will    .....        (no amulet) Stlth
                     t - +6 ring of intelligence
HPRegen 0.24/turn    (no ring)
MPRegen 0.09/turn

%: no passive effects
@: no status effects
A: sickness immunity, AC +3, negative energy resistance 1, electricity
resistance, torment resistance 1, petrification resistance
a: no special abilities


You were on level 4 of the Dungeon.
You visited 1 branch of the dungeon, and saw 4 of its levels.

You collected 140 gold pieces.

Inventory:

Hand Weapons
 s - a +3 demon whip of pain
Missiles
 d - 2 poisoned darts
 v - 5 boomerangs
Armour
 a - a +0 scale mail (worn)
 b - a +0 buckler (worn)
 n - a +1 pair of boots (worn)
 w - a +0 pair of gloves (worn)
Magical Staves
 k - a staff of earth
 o - a staff of cold
Jewellery
 t - a +6 ring of intelligence (left hand)
Scrolls
 g - a scroll of teleportation {unknown}
 h - 4 scrolls of identify {unknown}
 i - a scroll of amnesia {unknown}
 j - a scroll of butterflies {unknown}
 m - a scroll of enchant armour {unknown}
 p - a scroll of fear {unknown}
 u - a scroll of fog {unknown}
Potions
 c - a potion of might
 e - 2 potions of curing {unknown}
 f - a potion of resistance {unknown}
 l - a potion of invisibility {unknown}
 q - 2 potions of heal wounds {unknown}
 r - a potion of enlightenment {unknown}


   Skills:
 + Level 3.5 Fighting
 + Level 3.9 Armour
 + Level 0.6 Dodging
 + Level 3.8 Shields
 * Level 3.7 Unarmed Combat


You had 2 spell levels left.
You knew the following spells:

 Your Spells              Type           Power      Damage    Failure   Level
a - Magic Dart            Conj           0%         1d3       65%         1

Your spell library contained the following spells:

 Spells                   Type           Power      Damage    Failure   Level
 Sting                    Conj/Alch      0%         1d3       65%         1
 Blink                    Tloc           0%         N/A       80%         2
 Call Imp                 Summ           0%         N/A       80%         2
 Mercury Vapours          Alch/Air       0%         N/A       80%         2
 Olgreb's Toxic Radiance  Alch           0%         N/A       100%        4


Dungeon Overview and Level Annotations

Branches:
Dungeon (4/15)
 Temple: D:4-7

Altars:


Innate Abilities, Weirdness & Mutations

You are immune to sickness and miasma.
Your stone body is resilient. (AC +3)
You are immune to poison.
You resist negative energy. (rN+)
You are resistant to electric shocks. (rElec)
You are resistant to unholy torment.
You are immune to petrification.


Message History

The jelly is severely wounded.
The jelly hits you but does no damage.
You hit the jelly.
Your hands burn!
The jelly is almost dead.
You block the jelly's attack.
You hit the jelly. The acid corrodes you!
Your hands burn!
The jelly is almost dead.
The jelly hits you but does no damage.
You hit the jelly.
You kill the jelly!
You open the door.
You are no longer corroded.
You hear the slow hiss of a distant avalanche of sand.
You open the door.
An iguana comes into view.
The iguana hisses angrily.
The iguana bites you!
You hit the iguana.
The iguana is moderately wounded.
The iguana bites you but does no damage.
You hit the iguana.
The iguana is heavily wounded.
The iguana barely misses you.
You hit the iguana but do no damage.
The iguana is heavily wounded.
The iguana bites you.
You barely miss the iguana.
The iguana is heavily wounded.
The iguana barely misses you.
You hit the iguana.
The iguana is severely wounded.
The iguana bites you.
You barely miss the iguana.
The iguana is severely wounded.
The iguana bites you.
* * * LOW HITPOINT WARNING * * *
You barely miss the iguana.
The iguana is severely wounded.
The iguana bites you!
You die...

........#.......
........#.......
##########'#.......
#....###....####'##
+......#....#...... .
#......#....#.⌠...⌠ ...
#......#....#......
.....#####.......'...⌠..
#.l@....######......
#.......# #.⌠...⌠
#.......# #......
#.......# ####'##
#.......# #... #########
####


You could see an iguana.

Vanquished Creatures
  A jelly (D:4)
  An adder (D:3)
  2 dart slugs
  An orc (D:3)
  7 endoplasms
  2 giant cockroaches
  11 hobgoblins
  2 jackals (D:2)
  2 quokkas (D:1)
  6 ball pythons
  8 bats
  8 frilled lizards
  4 goblins
  2 kobolds
  9 rats
66 creatures vanquished.

Notes
Turn   | Place    | Note
-------+----------+-------------------------------------------
     0 | D:1      | CraigForest the Gargoyle Fighter began the quest for the
                  | Orb.
     0 | D:1      | Reached XP level 1. HP: 14/14 MP: 1/1
   269 | D:1      | Reached XP level 2. HP: 19/19 MP: 2/2
   779 | D:1      | Reached XP level 3. HP: 23/23 MP: 3/3
  1549 | D:3      | Reached XP level 4. HP: 25/28 MP: 4/4
  1687 | D:3      | Learned a level 1 spell: Magic Dart
  2169 | D:4      | Slain by an iguana

Illustrated notes

Levels and vault maps discovered:
D:1:      dpeg_arrival_three_bigger_balls, layout_loops_ring,
          corexii_item_surrounded_by_moat, minmay_tripent
D:2:      minmay_diamond_boxcup, layout_basic, chequers_serial_rivers_small_b,
          grunt_ministairs_2, chequers_arboretum
D:3:      layout_basic, kennysheep_big_empty_room,
          chequers_serial_rivers_small_3
D:4:      layout_gridville, tso_metal_star, nicolae_ossuary_entry_giza,
          hangedman_feature_mirror, minmay_fountain_box

Skill      XL: |  1  2  3 |
---------------+----------+-----
Unarmed Combat | 3 |  3.7
Fighting       | |  3.5
Armour         | |  3.9
Dodging        | |  0.6
Shields        | |  3.8

Action                     |  1- 3 |  4- 6 || total
---------------------------+-------+-------++-------
  Melee: Unarmed           |   162 |    68 ||   230
 Armour: Scale mail        |    90 |    37 ||   127
  Dodge: Dodged            |    57 |    20 ||    77
  Block: Buckler           |    37 |     8 ||    45

Table legend: (Time is in decaauts)
 A = Elapsed time spent in this place.
 B = Non-inter-level travel time spent in this place.
 C = Inter-level travel time spent in this place.
 D = Time resting spent in this place.
 E = Time spent auto-exploring this place.
 F = Levels seen in this place.
 G = Mean time per level.
                   A        B        C        D        E       F      G
               +--------+--------+--------+--------+--------+-----+--------+
         Total |   2172 |   2121 |     51 |      0 |   1421 |   4 |  543.0 |
       Dungeon |   2172 |   2121 |     51 |      0 |   1421 |   4 |  543.0 |
               +--------+--------+--------+--------+--------+-----+--------+

Top non-repeatable levels by time:
     D:1: 805 daAuts
     D:2: 702 daAuts
     D:3: 538 daAuts
     D:4: 125 daAuts
